 Dungeon Sprint DCSS version 0.28-a0-1412-gf95308ed99 (webtiles) character file.

Game seed: 4549561810853513253

707 mhtbhm the Basher (level 7, 0/50 HPs)
             Began as a Gargoyle Fighter on Jan 7, 2022.
             Was an Initiate of Gozag.
             Slain by a death knight (19 damage)
             ... in the Dungeon (Sprint IX: "|||||||||||||||||||||||||||||").
             The game lasted 00:01:33 (419 turns).

mhtbhm the Basher (Gargoyle Fighter)                 Turns: 419, Time: 00:01:33

Health: 0/50       AC: 22    Str: 22    XL:     7   Next: 67%
Magic:  7/7        EV:  8    Int:  8    God:    Gozag
Gold:   351        SH:  6    Dex: 12    Spells: 6/6 levels left

rFire   . . .      SeeInvis .   a - +2 morningstar (vorpal)
rCold   . . .      Faith    .   c - +0 buckler
rNeg    + . .      Spirit   .   b - +1 chain mail
rPois   ∞          Reflect  .   (no helmet)
rElec   +          Harm     .   o - +0 cloak
rCorr   .          Rampage  .   n - +0 pair of gloves
Will    .....      NoTele   +   (no boots)
Stlth   ..........              (no amulet)
HPRegen 0.16/turn               p - +3 ring of dexterity
MPRegen 0.10/turn               q - +2 ring of protection

@: gold aura, invisible (expiring)
A: sickness immunity, AC +4, negative energy resistance 1, electricity
resistance, torment resistance 1, petrification resistance
a: Renounce Religion, Potion Petition, Call Merchant, Bribe Branch


You were in the Dungeon.
You worshipped Gozag.
Gozag was aware of your devotion.
You visited 1 branch You collected 351 gold pieces.

Inventory:

Hand Weapons
 a - a +2 vorpal morningstar (weapon)
Armour
 b - a +1 chain mail (worn)
 c - a +0 buckler (worn)
 n - a +0 pair of gloves (worn)
 o - a +0 cloak (worn)
Jewellery
 p - a +3 ring of dexterity (left hand)
 q - a +2 ring of protection (right hand)
Wands
 m - a wand of acid (5)
Scrolls
 j - 2 scrolls of blinking
 l - 2 scrolls of amnesia
Potions
 d - a potion of might
 e - 4 potions of curing
 g - a potion of haste
 h - 4 potions of magic
 i - a potion of berserk rage


   Skills:
 + Level 8.9 Fighting
 + Level 9.7 Maces & Flails
 + Level 9.2 Armour
 + Level 2.0 Dodging
 + Level 8.2 Shields
 + Level 1.0 Evocations


You had 6 spell levels left.
You didn't know any spells.
Your spell library was empty.

Dungeon Overview and Level Annotations

Branches:
Dungeon (1/1)

Altars:
Cheibriados
Dithmenos
Elyvilon
Fedhas
Gozag
Hepliaklqana
Kikubaaqudgha
Makhleb
Nemelex Xobeh
Okawaru
Qazlal
Ru
Sif Muna
Trog
Uskayaw
Vehumet
Wu Jian
Xom
Yredelemnul
Zin
The Shining One
Beogh
Jiyva
Lugonu


Innate Abilities, Weirdness & Mutations

You are immune to sickness and miasma.
Your stone body is resilient. (AC +4)
You are immune to poison.
You resist negative energy. (rN+)
You are resistant to electric shocks. (rElec)
You are resistant to unholy torment.
You are immune to petrification.


Message History

The centaur warrior is distracted by your dazzling golden aura.
Your Maces & Flails skill increases to level 9!
Your Armour skill increases to level 9!
Your Dodging skill increases to level 2!
Your Shields skill increases to level 8!
Your Evocations skill increases to level 1!
You have reached level 7!
Unknown command.
You flicker for a moment.
Items here: )) [[.
Huh?
Evoke which item? (* to show all) (? for menu, Esc to quit)
Okay, then.
Aiming: Corrosive Bolt
Press: ? - help, Shift-Dir - straight line, f - death knight
Aim: a death knight, wielding a +1 glaive and wearing a +0 plate armour (moderately wounded, covered in acid, 75% to hit)
The bolt of acid hits the death knight!
The death knight seems to be corroded for longer.
The death knight is heavily wounded.
The bolt of acid hits the boulder beetle!
The boulder beetle seems to be corroded for longer.
The boulder beetle is severely wounded.
The bolt of acid hits the cyan ugly thing!
The cyan ugly thing seems to be corroded for longer.
The cyan ugly thing is heavily wounded.
The death knight hits you from afar with a +1 glaive!!
* * * LOW HITPOINT WARNING * * *
The acid dragon is distracted by your dazzling golden aura.
Unknown command.
You feel much better.
The acid dragon is no longer distracted by gold.
The death knight hits you from afar with a +1 glaive!!
Ouch! That really hurt!
* * * LOW HITPOINT WARNING * * *
Okay, then.
You feel better.
The acid dragon roars!
The death knight hits you from afar with a +1 glaive!!
You die...
Your body crumbles into a pile of gold.

$
▓)▓
$
▓.▓
▓.▓
$
▓[▓
▓.▓
$
▓.▓
$
▓.▓
$ $
▓'▓
$
▓@▓
$ $
▓.▓
$
▓p▓
$ $
▓B▓
$
▓$▓
$
▓u▓
▓'▓
▓D▓
▓.▓


You could see a death knight (corroded), a boulder beetle (corroded), a cyan
ugly thing (corroded) and an acid dragon.

Vanquished Creatures
  A tengu warrior (D)
  A yak (D)
  An orc warrior (D)
  A howler monkey (D)
  A hound (D)
  An iguana (D)
  An orc wizard (D)
  An adder zombie (D)
  2 ball pythons (D)
  A bat zombie (D)
  A giant cockroach (D)
  A goblin (D)
  A ball python skeleton (D)
  A bat (D)
  2 quokka zombies (D)
17 creatures vanquished.

Notes
Turn   | Place    | Note
-------+----------+-------------------------------------------
     0 | D        | mhtbhm the Gargoyle Fighter began the quest for the Orb.
     0 | D        | Reached XP level 1. HP: 14/14 MP: 1/1
    84 | D        | Noticed a hound
    84 | D        | Noticed an iguana
    94 | D        | Killed a hound
    95 | D        | Reached skill level 5 in Armour
    95 | D        | Reached XP level 2. HP: 15/20 MP: 2/2
    95 | D        | Reached XP level 3. HP: 19/25 MP: 3/3
   103 | D        | Reached skill level 5 in Fighting
   103 | D        | Reached skill level 5 in Shields
   103 | D        | Reached XP level 4. HP: 17/31 MP: 4/4
   117 | D        | Found a snail-covered altar of Cheibriados.
   117 | D        | Found a shadowy altar of Dithmenos.
   117 | D        | Found a white marble altar of Elyvilon.
   117 | D        | Found a blossoming altar of Fedhas.
   117 | D        | Found an opulent altar of Gozag.
   118 | D        | Found a hazy altar of Hepliaklqana.
   119 | D        | Found a viscous altar of Jiyva.
   120 | D        | Found an ancient bone altar of Kikubaaqudgha.
   121 | D        | Found a corrupted altar of Lugonu.
   122 | D        | Found a burning altar of Makhleb.
   123 | D        | Found a sparkling altar of Nemelex Xobeh.
   124 | D        | Found an iron altar of Okawaru.
   125 | D        | Found a stormy altar of Qazlal.
   126 | D        | Found a sacrificial altar of Ru.
   127 | D        | Found a shimmering blue altar of Sif Muna.
   128 | D        | Found a bloodstained altar of Trog.
   129 | D        | Found a hide-covered altar of Uskayaw.
   130 | D        | Found a radiant altar of Vehumet.
   131 | D        | Found an ornate altar of the Wu Jian Council.
   132 | D        | Found a shimmering altar of Xom.
   133 | D        | Found a basalt altar of Yredelemnul.
   151 | D        | Became a worshipper of Gozag Ym Sagoz the Greedy
   161 | D        | Found a glowing silver altar of Zin.
   162 | D        | Found a glowing golden altar of the Shining One.
   273 | D        | Noticed an orc warrior
   273 | D        | Noticed a yak
   277 | D        | Killed an orc warrior
   278 | D        | Reached skill level 5 in Maces & Flails
   278 | D        | Reached XP level 5. HP: 29/37 MP: 5/5
   304 | D        | Killed a yak
   305 | D        | Reached skill level 1 in Dodging
   305 | D        | Reached XP level 6. HP: 31/44 MP: 6/6
   399 | D        | Noticed a tengu warrior
   399 | D        | Noticed a death knight
   399 | D        | Noticed a boulder beetle
   399 | D        | Noticed a cyan ugly thing
   399 | D        | Noticed an acid dragon
   399 | D        | Noticed a centaur warrior
   413 | D        | Killed a tengu warrior
   414 | D        | Reached skill level 1 in Evocations
   414 | D        | Reached XP level 7. HP: 30/50 MP: 7/7
   419 | D        | Slain by a death knight

Illustrated notes

Levels and vault maps discovered:
D:        linesprint [early_d, line_temple, items_1, d_10, items_2, lair_1,
          lair_end, items_3, orc_1, orc_end, items_4, d_15, swamp_1, shoals_1,
          snake_1, spider_1, d_20, vaults_1, items_5, swamp_end, shoals_end,
          snake_end, spider_end, vaults_end, d_27, items_6, zot_1, zot_end,
          crypt_end, forest_end, elf_end, slime_end, tomb_end, abyss_end,
          pan_hell_end]

Skill      XL: |  1  2  3  4  5  6 |
---------------+-------------------+-----
Fighting       | 4 5 6 8 |  8.9
Maces & Flails | 3 5 8 9 |  9.7
Armour         | 5 6 8 9 |  9.2
Shields        | 4 5 6 7 8 |  8.2
Dodging        | 1 2 |  2.0
Evocations     | 1 |  1.0

Action                   |  1- 3 |  4- 6 |  7- 9 || total
-------------------------+-------+-------+-------++-------
Melee: Flail             |    32 |     8 |       ||    40
       Morningstar       |       |    39 |       ||    39
Evoke: Wand              |       |     4 |     1 ||     5
  Use: Potion            |       |     3 |     2 ||     5
Armor: Scale mail        |    17 |     5 |       ||    22
       Chain mail        |       |    35 |       ||    35
Dodge: Dodged            |    23 |    18 |       ||    41
Block: Buckler           |     7 |    10 |       ||    17

Table legend: (Time is in decaauts)
 A = Elapsed time spent in this place.
 B = Non-inter-level travel time spent in this place.
 C = Inter-level travel time spent in this place.
 D = Time resting spent in this place.
 E = Time spent auto-exploring this place.
 F = Levels seen in this place.
 G = Mean time per level.
                   A        B        C        D        E       F      G
               +--------+--------+--------+--------+--------+-----+--------+
         Total |    437 |    437 |      0 |    199 |      3 |   1 |  437.0 |
       Dungeon |    437 |    437 |      0 |    199 |      3 |   1 |  437.0 |
               +--------+--------+--------+--------+--------+-----+--------+

Top non-repeatable levels by time:
       D: 437 daAuts
